 Dungeon Crawl Stone Soup version 0.25.1-2-g60ff931df9 (webtiles) character file.

Game seed: 8570615106161379514

46 DearestLeader the Distorting Demonspawn (level 3, -1/29 HPs)
             Began as a Demonspawn Abyssal Knight on Sept 26, 2020.
             Was a Believer of Lugonu.
             Slain by a hound (3 damage)
             ... on level 3 of the Dungeon.
             The game lasted 00:04:11 (1789 turns).

DearestLeader the Distorting Demonspawn (DsAK)      Turns: 1789, Time: 00:04:12

Health: -1/29      AC:  9    Str: 13    XL:     3   Next: 44%
Magic:  3/5        EV:  6    Int: 13    God:    Lugonu [**....]
Gold:   115        SH:  0    Dex: 12    Spells: 2/2 levels left

rFire    . . .     SeeInvis .   a - +1 hand axe
rCold    . . .     Gourm    .   (no shield)
rNeg     + . .     Faith    .   m - +0 chain mail
rPois    .         Spirit   .   (no helmet)
rElec    .         Reflect  .   (no cloak)
rCorr    .         Harm     .   b - +0 pair of gloves
MR       .....                  (no boots)
Stlth    ..........             (no amulet)
HPRegen  0.09/turn              d - ring of positive energy
MPRegen  0.09/turn              (no ring)

@: no status effects
A: rot immunity
a: Depart the Abyss, Bend Space, Renounce Religion


You were on level 3 of the Dungeon.
You worshipped Lugonu.
Lugonu was pleased with you.
You were not hungry.

You visited 1 branch of the dungeon, and saw 3 of its levels.
You visited the Abyss 1 time.

You collected 115 gold pieces.

Inventory:

Hand Weapons
 a - a +1 hand axe (weapon)
Armour
 b - a +0 pair of gloves (worn)
 i - a cursed +0 leather armour
 m - a +0 chain mail (worn)
Jewellery
 d - a ring of positive energy (left hand)
 n - an uncursed amulet of magic regeneration {unknown}
Scrolls
 e - 2 scrolls of remove curse
 g - a scroll of teleportation
 j - a scroll of immolation {unknown}
 k - 2 scrolls of enchant weapon {unknown}
 l - a scroll of identify {unknown}
Potions
 h - a potion of curing {unknown}
Comestibles
 c - 5 rations
 f - 3 chunks of flesh


   Skills:
 - Level 3.0 Fighting
 * Level 3.1 Axes
 - Level 1.7 Armour
 - Level 0.8 Dodging
 + Level 3.4 Invocations


You had 2 spell levels left.
You didn't know any spells.
Your spell library was empty.

Dungeon Overview and Level Annotations

Branches:
Dungeon (2/15)

Altars:
Ashenzari
Vehumet


Innate Abilities, Weirdness & Mutations

You are immune to rotting.


Message History

The hound bites you but does no damage. The hound barely misses you.
You completely miss the hound.
The hound is moderately wounded.
The hound bites you.
* * * LOW HITPOINT WARNING * * *
You closely miss the hound.
The hound is moderately wounded.
The hound closely misses you. The hound barely misses you.
Okay, then.
Space bends around you!
You blink.
The hound bites you but does no damage.
Your chain mail prevents you from hitting the hound.
The hound is moderately wounded.
The hound bites you.
* * * LOW HITPOINT WARNING * * *
Space bends around you!
You blink.
The hound bites you.
* * * LOW HITPOINT WARNING * * *
The hound bites you but does no damage. The hound bites you.
You die...

... ... #.# ##.# ##.# ##...
#..# .# #...# ##..# .# #.#.#
#...####.# . #...#
#.##..@.....# # ##..#
#..#.#h###### ### ###...# #
#...#.#########....
##....##.####.................
#...#.....................#
......##.###........#######
.....## ###.......## .###.....
.........# .#
####..###.......##


You could see a hound.

Vanquished Creatures
  A dart slug (D:1)
  4 leopard geckos
  A ball python (D:1)
  4 bats (D:1)
  3 giant cockroaches
  6 goblins
  3 hobgoblins
  2 jackals (D:1)
  3 frilled lizards
  7 kobolds
  2 rats (D:1)
36 creatures vanquished.

Notes
Turn   | Place    | Note
-------+----------+-------------------------------------------
     0 | Abyss:1  | DearestLeader the Demonspawn Abyssal Knight began the quest
                  | for the Orb.
     0 | Abyss:1  | Reached XP level 1. HP: 18/18 MP: 2/2
    28 | Abyss:1  | Found a corrupted altar of Lugonu.
    54 | Abyss:1  | Found a corrupted altar of Lugonu.
    62 | D:1      | Escaped the Abyss
   526 | D:1      | Gained mutation: You are immune to rotting. [demonic
                  | ancestry]
   526 | D:1      | Reached XP level 2. HP: 24/24 MP: 4/4
  1278 | D:2      | Found a radiant altar of Vehumet.
  1302 | D:2      | Reached XP level 3. HP: 26/29 MP: 5/5
  1364 | D:2      | Reached ** piety under Lugonu
  1709 | D:2      | You fall into a shaft and drop 1 floor!
  1744 | D:3      | Found a shattered altar of Ashenzari.
  1789 | D:3      | Slain by a hound

Illustrated notes

Levels and vault maps discovered:
D:1:      psy_arrival_radial02, layout_loops_ring, minmay_statues_item,
          serial_bayou_pond_d, minivault_19
D:2:      layout_rooms, lemuel_round_altar, first_ration
D:3:      layout_rooms, nicolae_overflow_crystal_walls, minmay_lizard_king

Skill      XL: |  1  2  3 |
---------------+----------+-----
Axes           | 2 3 |  3.1
Invocations    | 3 |  3.4
Fighting       | |  3.0
Armour         | |  1.7
Dodging        | |  0.8

Action                   || total
-------------------------++-------
Melee: Hand axe          ||   129
Invok: Bend Space        ||     2
  Use: Scroll            ||     3
 Stab: Sleeping          ||     1
  Eat: Chunk             ||     3
Armor: Leather armour    ||    28
       Ring mail         ||    10
       Chain mail        ||    23
Dodge: Dodged            ||    73
